 Dungeon Crawl Stone Soup version 0.27-a0-1245-g940ed4fa31 (webtiles) character file.

Game seed: 18372426408739876540

2456 Zonian the Conjurer (level 9, 0/64 HPs)
             Began as a Human Conjurer on June 9, 2021.
             Was an Elder of Jiyva.
             Slain by Fannar
             ... wielding a staff of cold
              (13 damage)
             ... on level 10 of the Dungeon on June 10, 2021.
             The game lasted 00:22:28 (11150 turns).

Zonian the Conjurer (Human Conjurer)               Turns: 11150, Time: 00:22:29

Health: 0/64       AC:  8    Str: 10    XL:     9   Next: 79%
Magic:  1/16       EV: 13    Int: 19    God:    Jiyva [****..]
Gold:   233        SH:  0    Dex: 12    Spells: 11/18 levels left

rFire    . . .     SeeInvis .   u - +3 short sword (elec)
rCold    . . .     Faith    .   (no shield)
rNeg     . . .     Spirit   .   t - +0 leather armour {Will+}
rPois    .         Reflect  .   c - +0 helmet
rElec    .         Harm     .   (no cloak)
rCorr    +         Rampage  .   (no gloves)
Will     +....                  (no boots)
Stlth    +++.......             b - amulet of the acrobat
HPRegen  0.20/turn              o - +4 ring of protection
MPRegen  0.15/turn              (no ring)

@: no status effects
A: tendrils
a: Renounce Religion, Request Jelly, Slimify


You were on level 10 of the Dungeon.
You worshipped Jiyva.
Jiyva was greatly pleased with you.
You visited 1 branch of the dungeon, and saw 10 of its levels.

You collected 233 gold pieces.

Inventory:

Hand Weapons
 d - a +0 short sword
 h - a +0 long sword
 n - a +0 hand axe
 u - a +3 short sword of electrocution (weapon)
Missiles
 m - 5 javelins
Armour
 a - a +0 robe
 c - a +0 helmet (worn)
 t - a +0 leather armour of willpower (worn)
Jewellery
 b - an amulet of the acrobat (around neck)
 o - a +4 ring of protection (left hand)
Wands
 s - a wand of acid (1)
Scrolls
 l - a scroll of amnesia
Potions
 f - a potion of lignification
 g - a potion of invisibility {unknown}
 i - a potion of brilliance {unknown}
 j - 2 potions of curing
 k - a potion of haste {unknown}
 p - a potion of ambrosia {unknown}
 q - a potion of berserk rage {unknown}
 r - a potion of might


   Skills:
 + Level 3.2 Fighting
 + Level 3.4 Short Blades
 - Level 1.2 Armour
 + Level 5.5 Dodging
 + Level 5.2 Stealth
 + Level 5.3 Spellcasting
 + Level 7.2 Conjurations
 + Level 3.5 Translocations


You had 11 spell levels left.
You knew the following spells:

 Your Spells              Type           Power      Damage    Failure   Level
a - Magic Dart            Conj           100%       1d8       1%          1
b - Searing Ray           Conj           64%        3d5       1%          2
c - Iskenderun's Mystic   Conj/Tloc      25%        2d7       17%         4

Your spell library contained the following spells:

 Spells                   Type           Power      Damage    Failure   Level
 Dazzling Flash           Conj/Hex       36%        N/A       11%         3
 Gell's Gravitas          Tloc           9%         N/A       11%         3
 Fulminant Prism          Conj/Hex       9%         3d7       34%         4
 Confusing Touch          Hex            5%         N/A       43%         3
 Petrify                  Tmut/Erth      5%         N/A       85%         4
 Metabolic Englaciation   Hex/Ice        2%         N/A       99%         5
 Yara's Violent Unravell  Hex/Tmut       2%         3d3       99%         5


Dungeon Overview and Level Annotations

Branches:
Dungeon (10/15)            Temple (0/1) D:5            Lair (0/6) D:8
    Orc: D:9-12

Altars:
Ashenzari
Cheibriados
Hepliaklqana
Kikubaaqudgha
Makhleb
Nemelex Xobeh
Qazlal
Trog
Vehumet
Wu Jian
Yredelemnul
Zin
Jiyva

Shops:
D:4 =

Annotations:
D:10 Fannar


Innate Abilities, Weirdness & Mutations

You are covered in slimy tendrils that may disarm your opponents.


Message History

Fannar hits you with a staff of cold. Fannar freezes you!
The searing ray misses Fannar.
The searing ray hits the ice beast.
The ice beast is severely wounded.
Fannar gestures wildly while chanting.
Unknown command.
The searing ray misses Fannar.
The searing ray misses the ice beast. x2
Fannar closely misses you.
Unknown command.
The searing ray hits Fannar.
Fannar is severely wounded.
The searing ray hits the ice beast.
You kill the ice beast!
The searing ray hits the ice beast.
The ice beast is lightly wounded.
You finish channeling your searing ray.
Fannar is no longer covered in acid.
Fannar misses you.
Casting: Searing Ray (safe; 1% risk of failure)
Confirm with . or Enter, or press ? or * to list all spells.
Aiming: Searing Ray (safe; 1% risk of failure)
Press: ? - help, Shift-Dir - straight line, f/p - Fannar
Aim: Fannar, wielding a staff of cold and wearing a +1 robe of cold resistance (severely wounded, 68% to hit)
The searing ray misses Fannar.
The searing ray misses the ice beast. (Press . to maintain the ray.) Fannar hits you but does no damage.
Fannar freezes you!
* * * LOW HITPOINT WARNING * * *
The searing ray hits Fannar.
Fannar is severely wounded.
The searing ray hits the ice beast.
The ice beast is lightly wounded.
Fannar hits you but does no damage. Fannar freezes you!
* * * LOW HITPOINT WARNING * * *
Unknown command.
You feel better.
Fannar casts a spell.
You hit Fannar but do no damage.
Fannar is severely wounded.
Fannar hits you with a staff of cold.
* * * LOW HITPOINT WARNING * * *
Fannar freezes you!
You die...

#################################
Ye..Y.........Ye@................
...#############.................
...# #.Y########.......
...#############.................
.................................
........################.........
........################..#######
..........................#....
............................#


You could see Fannar and 2 ice beasts.

Vanquished Creatures
  A hornet (D:9)
  7 yaks
  A wyvern (D:9)
  2 orc warriors
  A hornet zombie (D:7)
  2 phantoms (D:5)
  A centaur (D:9)
  A kobold brigand (D:8)
  A scorpion (D:6)
  A bullfrog (D:8)
  A gnoll sergeant (D:7)
  A killer bee (D:9)
  2 howler monkeys (D:9)
  An orc priest (D:9)
  4 hounds
  2 iguanas
  An orc wizard (D:9)
  A hound skeleton (D:4)
  3 adders
  A white imp (D:7)
  A dart slug (D:5)
  3 orcs
  2 ball pythons
  A giant cockroach (D:3)
  3 goblins
  A hobgoblin (D:1)
  5 jackals
  2 quokkas
  2 bats (D:1)
  2 frilled lizards
  6 kobolds
  3 rats
66 creatures vanquished.

Vanquished Creatures (others)
  An orc warrior (D:6)
  2 centaurs
  A bullfrog (D:6)
  A wyvern zombie (D:7)
  26 jellies
  2 orc priests
  A hound (D:6)
  A gnoll shaman (D:9)
  2 orc wizards
  An iguana (D:6)
  9 gnolls
  3 adders
  A shadow imp (D:8)
  2 white imps (D:6)
  10 orcs
  2 endoplasms (D:2)
  3 giant cockroaches
  10 goblins
  4 hobgoblins
  5 jackals (D:2)
  2 kobolds (D:1)
  2 quokkas
  6 bats
  2 frilled lizards
  5 rats
  3 fungi (D:8)
  2 plants (D:8)
  10 withered plants (D:1)
119 creatures vanquished.

Grand Total: 185 creatures vanquished

Notes
Turn   | Place    | Note
-------+----------+-------------------------------------------
     0 | D:1      | Zonian the Human Conjurer began the quest for the Orb.
     0 | D:1      | Reached XP level 1. HP: 13/13 MP: 3/3
    52 | D:1      | Found a faded altar of an unknown god.
   120 | D:1      | Became a worshipper of Jiyva Jutheoss the Shapeless
   120 | D:1      | Reached * piety under Jiyva
   374 | D:1      | Reached XP level 2. HP: 8/19 MP: 1/5
  1555 | D:2      | Reached ** piety under Jiyva
  2759 | D:3      | Learned a level 2 spell: Searing Ray
  2767 | D:3      | Found a broken altar of Ashenzari.
  2806 | D:3      | You fall into a shaft and drop 3 floors!
  2807 | D:6      | Noticed a scorpion
  2813 | D:6      | Reached XP level 3. HP: 21/24 MP: 1/6
  2841 | D:6      | Killed a scorpion
  2842 | D:6      | Reached skill level 5 in Conjurations
  2842 | D:6      | Reached XP level 4. HP: 22/30 MP: 0/7
  2842 | D:6      | Reached XP level 5. HP: 26/35 MP: 0/8
  3088 | D:6      | Noticed a phantom
  3091 | D:6      | Noticed a phantom
  3104 | D:5      | Entered Level 5 of the Dungeon
  3130 | D:4      | Found an ornate altar of the Wu Jian Council.
  3212 | D:3      | Found an ancient bone altar of Kikubaaqudgha.
  3243 | D:3      | Reached *** piety under Jiyva
  3254 | D:3      | Gained mutation: Your magical capacity is low. (-10% MP)
                  | [Jiyva's grace]
  3740 | D:4      | Found Jiliaw's Jewellery Shoppe.
  4451 | D:4      | Reached XP level 6. HP: 42/42 MP: 2/9
  4891 | D:5      | Found a staircase to the Ecumenical Temple.
  4964 | D:5      | Reached skill level 1 in Fighting
  4964 | D:5      | Reached skill level 1 in Short Blades
  5282 | D:5      | Gained mutation: Your spells are a little harder to cast,
                  | but a little more powerful. [Jiyva's grace]
  5952 | D:5      | Reached XP level 7. HP: 48/48 MP: 4/10
  6164 | D:6      | Reached **** piety under Jiyva
  6173 | D:6      | Found a glowing silver altar of Zin.
  6212 | D:6      | Lost mutation: Your spells are a little harder to cast, but
                  | a little more powerful. [Jiyva's grace]
  6639 | D:6      | Found a hazy altar of Hepliaklqana.
  6642 | D:6      | Found a snail-covered altar of Cheibriados.
  6644 | D:6      | Found a basalt altar of Yredelemnul.
  6654 | D:6      | Found a sparkling altar of Nemelex Xobeh.
  7505 | D:7      | Found a bloodstained altar of Trog.
  7653 | D:7      | Found a radiant altar of Vehumet.
  7746 | D:8      | Noticed a yak
  7746 | D:8      | Noticed a yak
  7746 | D:8      | Noticed a yak
  7767 | D:7      | Killed a yak
  7768 | D:7      | Reached XP level 8. HP: 36/56 MP: 3/12
  7772 | D:7      | Killed a yak
  7773 | D:7      | Reached skill level 6 in Conjurations
  7851 | D:7      | Learned a level 4 spell: Iskenderun's Mystic Blast
  7908 | D:7      | Killed a yak
  7909 | D:7      | Reached skill level 1 in Translocations
  8304 | D:8      | Noticed a two-headed ogre
  9023 | D:8      | Reached ***** piety under Jiyva
  9266 | D:8      | Found a staircase to the Lair.
  9505 | D:9      | Lost mutation: Your magical capacity is low. (-10% MP)
                  | [Jiyva's grace]
  9576 | D:9      | Noticed a wyvern
  9584 | D:9      | Killed a wyvern
  9585 | D:9      | Reached XP level 9. HP: 36/62 MP: 9/15
  9724 | D:9      | Found a stormy altar of Qazlal.
  9737 | D:9      | Gained mutation: You are covered in slimy tendrils that may
                  | disarm your opponents. [Jiyva's grace]
  9860 | D:9      | Reached skill level 5 in Dodging
 10007 | D:9      | Reached skill level 5 in Stealth
 10007 | D:9      | Reached skill level 7 in Conjurations
 10011 | D:9      | Reached skill level 1 in Armour
 10011 | D:9      | Reached skill level 5 in Spellcasting
 10168 | D:9      | Noticed a hornet
 10175 | D:9      | Killed a hornet
 10402 | D:9      | Noticed a two-headed ogre
 10569 | D:9      | Slimified a two-headed ogre
 10569 | D:9      | Noticed a slime creature
 10569 | D:9      | a two-headed ogre changed into a slime creature
 10574 | D:9      | Found a burning altar of Makhleb.
 11037 | D:10     | Entered Level 10 of the Dungeon
 11106 | D:10     | Noticed Fannar
 11150 | D:10     | Slain by Fannar

Illustrated notes

Levels and vault maps discovered:
D:1:      nicolae_arrival_memento_mori, layout_basic,
          ebering_ecumenical_altar_petrified, minmay_pentomino_v2
D:2:      minmay_chambers_of_twos, layout_basic, lightli_corner_chamber
D:3:      layout_rooms, ashenzari_conservatory_becter,
          nicolae_overflow_crystal_walls, amcnicky_mini_rare_corridor_liquid,
          kennysheep_generic_room_8
D:4:      cheibrodos_helix_gallery, layout_cave_pods,
          nicolae_wu_jian_wuxing_cycle, serial_shops, nicolae_shop_waterfront,
          gup_sewer_entry_bowl
D:5:      layout_loops_corners, lemuel_temple_firewalk_b
D:6:      layout_basic, overflow_temple_1_default,
          nicolae_overflow_quartered_altars
D:7:      layout_rooms, kennysheep_mini, old_standard_altar, minivault_4,
          chequers_avenue
D:8:      layout_loops_corners, dpeg_oklobed_lair
D:9:      layout_loops_ring, nicolae_qazlal_style_of_elements, marbit_many_paths
D:10:     minmay_the_grid_net [minmay_the_grid_fan,
          minmay_the_grid_outer_circle, minmay_the_grid_aliased_spiral,
          minmay_the_grid_garden, minmay_the_grid_square_x,
          minmay_the_grid_prize_trominoes], layout_long_grid, special_room
          [special_room_orc], uniq_fannar

Skill      XL: |  1  2  3  4  5  6  7  8  9 |
---------------+----------------------------+-----
Conjurations   | 5 6 7 |  7.2
Stealth        | 3 4 5 |  5.2
Fighting       | 1 2 3 |  3.2
Short Blades   | 1 2 3 |  3.4
Dodging        | 3 4 5 |  5.5
Spellcasting   | 3 4 5 |  5.3
Translocations | 2 3 |  3.5
Armour         | 1 |  1.2

Action                   |  1- 3 |  4- 6 |  7- 9 || total
-------------------------+-------+-------+-------++-------
Melee: Short sword       |    14 |    66 |    48 ||   128
       Unarmed           |     2 |       |       ||     2
 Cast: Magic Dart        |    23 |    41 |    47 ||   111
       Searing Ray       |     3 |     6 |    30 ||    39
Invok: Request Jelly     |       |     1 |     3 ||     4
       Slimify           |       |       |     1 ||     1
Evoke: Wand              |       |       |     5 ||     5
  Use: Scroll            |     1 |     4 |     3 ||     8
       Potion            |       |     1 |     4 ||     5
 Stab: Sleeping          |       |       |     1 ||     1
Armor: Robe              |     7 |    10 |     9 ||    26
       Leather armour    |       |       |    13 ||    13
Dodge: Dodged            |    31 |    63 |    97 ||   191

Table legend: (Time is in decaauts)
 A = Elapsed time spent in this place.
 B = Non-inter-level travel time spent in this place.
 C = Inter-level travel time spent in this place.
 D = Time resting spent in this place.
 E = Time spent auto-exploring this place.
 F = Levels seen in this place.
 G = Mean time per level.
                   A        B        C        D        E       F      G
               +--------+--------+--------+--------+--------+-----+--------+
         Total |  11168 |  10765 |    403 |   3657 |   5862 |  10 | 1116.8 |
       Dungeon |  11168 |  10765 |    403 |   3657 |   5862 |  10 | 1116.8 |
               +--------+--------+--------+--------+--------+-----+--------+

Top non-repeatable levels by time:
     D:9: 1642 daAuts
     D:1: 1511 daAuts
     D:6: 1434 daAuts
     D:5: 1324 daAuts
     D:7: 1219 daAuts
     D:2: 1219 daAuts
     D:4: 1137 daAuts
     D:8: 935 daAuts
     D:3: 630 daAuts
    D:10: 112 daAuts
